 Dungeon Crawl Stone Soup version 0.29.0-7-g18a832c13a (webtiles) character file.

Game seed: 5127356177483734552

45 Adrian566 the Covered (level 3, -3/29 HPs)
             Began as a Demonspawn Fighter on Aug 31, 2022.
             Slain by a gnoll
             ... wielding a +0 halberd
              (6 damage)
             ... on level 1 of the Dungeon.
             The game lasted 00:01:43 (1665 turns).

Adrian566 the Covered (Demonspawn Fighter)          Turns: 1665, Time: 00:01:44

Health: -3/29      AC:  8    Str: 16    XL:     3   Next: 42%
Magic:  3/3        EV:  8    Int:  9    God:
Gold:   60         SH:  4    Dex: 14    Spells: 2/2 levels left

rFire   . . .      SeeInvis .   a - +0 long sword
rCold   . . .      Faith    .   c - +0 buckler
rNeg    . . .      Spirit   .   b - +0 scale mail
rPois   .          Reflect  .   (no helmet)
rElec   .          Harm     .   (no cloak)
rCorr   .          Rampage  .   (no gloves)
Will    .....                   (no boots)
Stlth   ..........              (no amulet)
HPRegen 0.09/turn               (no ring)
MPRegen 0.08/turn               (no ring)

@: mighty
A: thin metallic scales 1
a: no special abilities


You were on level 1 of the Dungeon.
You visited 1 branch of the dungeon, and saw 2 of its levels.

You collected 60 gold pieces.

Inventory:

Hand Weapons
 a - a +0 long sword (weapon)
Armour
 b - a +0 scale mail (worn)
 c - a +0 buckler (worn)


   Skills:
 + Level 3.1 Fighting
 * Level 2.6 Long Blades
 + Level 3.3 Armour
 + Level 2.8 Shields


You had 2 spell levels left.
You didn't know any spells.
Your spell library contained the following spells:

 Spells                   Type           Power      Damage    Failure   Level
 Beastly Appendage        Tmut           0%         N/A       88%         1
 Static Discharge         Conj/Air       0%         3-3/arc   96%         2
 Wereblood                Tmut           0%         N/A       96%         2
 Spider Form              Tmut/Pois      0%         N/A       99%         3
 Lightning Bolt           Conj/Air       0%         1d11      100%        5
 Maxwell's Capacitive Co  Air            0%         ∞         100%        8


Dungeon Overview and Level Annotations

Branches:
Dungeon (2/15)

Altars:

Shops:
D:1 [:


Innate Abilities, Weirdness & Mutations

You are partially covered in thin metallic scales. (AC +2)


Message History

The gnoll barely misses you. The gnoll hits you but does no damage.
You climb upwards.
There is a stone staircase leading down here.
HP restored.
Done exploring.
You climb downwards.
The gnoll hits you from afar with a +0 halberd.
There is a stone staircase leading up, spattered with blood here.
You see here a throwing net.
The gnoll hits you with a +0 halberd. The gnoll hits you but does no damage.
There is a stone staircase leading up, spattered with blood here.
You block the gnoll's attack. The gnoll hits you with a +0 halberd!
You climb upwards.
There is a stone staircase leading down here.
You closely miss the gnoll. The gnoll barely misses you.
The gnoll hits you with a +0 halberd.
You are too injured to fight recklessly!
You are too injured to fight recklessly!
You are too injured to fight recklessly!
You are too injured to fight recklessly!
You are too injured to fight recklessly!
You are too injured to fight recklessly!
You are too injured to fight recklessly!
You are too injured to fight recklessly!
You are too injured to fight recklessly!
You are too injured to fight recklessly!
You are too injured to fight recklessly!
You are too injured to fight recklessly!
You are too injured to fight recklessly!
You are too injured to fight recklessly!
You hit the gnoll but do no damage. You block the gnoll's attack.
The gnoll hits you with a +0 halberd!
* * * LOW HITPOINT WARNING * * *
You feel very mighty all of a sudden. The gnoll barely misses you. x2
You aren't carrying any scrolls.
You hit the gnoll.
The gnoll is moderately wounded.
The gnoll hits you but does no damage. The gnoll hits you with a +0 halberd.
You die...

#.#.........#####
#.#.#######)#### #.#.# #)##.##
#.#.# #.#.... #.#.# #...##.
#.#.# ##..##. #.#.# #####.....
##.#.# #.[..∩.... #@g.†#
##.....#### ###########
#÷g..###..##..####
#.........####....##...##......
#.#####....).................#.
#.####...........###.######..#.
#......#..####.#.# #.# #.##.
#..###....####.#)# #.# #.##.
#..# ###...#...#.# #.# #.##.
#..# #......#.#.# #.# ##.##.


You could see 2 gnolls.

Vanquished Creatures
  An adder (D:1)
  A dart slug (D:1)
  3 endoplasms (D:1)
  2 giant cockroaches
  7 goblins (D:1)
  A hobgoblin (D:1)
  5 jackals (D:1)
  3 ball pythons (D:1)
  A bat (D:1)
  2 frilled lizards (D:1)
  3 kobolds
  2 rats (D:1)
31 creatures vanquished.

Notes
Turn   | Place    | Note
-------+----------+-------------------------------------------
     0 | D:1      | Adrian566 the Demonspawn Fighter began the quest for the
                  | Orb.
     0 | D:1      | Reached XP level 1. HP: 18/18 MP: 1/1
     2 | D:1      | Noticed an elf
     2 | D:1      | Noticed a tengu
     4 | D:1      | Noticed a draconian
     4 | D:1      | Noticed an ogre
     6 | D:1      | Noticed a gargoyle
     8 | D:1      | Noticed an octopode
     8 | D:1      | Noticed a ghoul
    10 | D:1      | Noticed a palentonga
    10 | D:1      | Noticed a spriggan
    12 | D:1      | Noticed a human
    14 | D:1      | Noticed a meteoran
    14 | D:1      | Noticed a felid
    16 | D:1      | Noticed a vampire
    16 | D:1      | Noticed a formicid
    18 | D:1      | Noticed a merfolk
    20 | D:1      | Noticed a vine stalker
    20 | D:1      | Noticed a naga
    22 | D:1      | Noticed a troll
    22 | D:1      | Noticed a minotaur
    24 | D:1      | Noticed a naga
    24 | D:1      | Noticed a demonspawn
    26 | D:1      | Noticed a ghoul
    26 | D:1      | Noticed an ogre
   118 | D:1      | Found Apasah's Armour Boutique.
   130 | D:1      | Gained mutation: You are partially covered in thin metallic
                  | scales. (AC +2) [demonic ancestry]
   130 | D:1      | Reached XP level 2. HP: 20/24 MP: 2/2
   687 | D:1      | Found Tiniextu's Vocational Training.
   939 | D:1      | Reached XP level 3. HP: 27/29 MP: 3/3
  1665 | D:1      | Slain by a gnoll

Illustrated notes

Levels and vault maps discovered:
D:1:      kb_arrival_jail, layout_loops_ring, serial_shops, nicolae_square_shop,
          nicolae_shop_vocational
D:2:      layout_rooms, grunt_ministairs_3, kennysheep_doodads, st_stairs_11

Skill      XL: |  1  2 |
---------------+-------+-----
Armour         | 3 |  3.3
Long Blades    | 2 |  2.6
Fighting       | |  3.1
Shields        | |  2.8

Action                   || total
-------------------------++-------
Melee: Long sword        ||   106
  Use: Scroll            ||     3
       Potion            ||     1
Armor: Scale mail        ||    81
Dodge: Dodged            ||    59
Block: Buckler           ||    30
